 Dungeon Crawl Stone Soup version 0.23-a0-550-g7de1f8e (webtiles) character file.

198 Geeful the Sneak (level 5, -1/31 HPs)
             Began as an Octopode Earth Elementalist on Dec 9, 2018.
             Slain by an orc wizard
             ... wielding a +0 dagger
              (3 damage)
             ... on level 4 of the Dungeon.
             The game lasted 00:11:21 (4021 turns).

Geeful the Sneak (Octopode Earth Elementalist)      Turns: 4021, Time: 00:11:21

Health: -1/31      AC:  1    Str: 12    XL:     5   Next: 76%
Magic:  0/9        EV: 15    Int: 23    God:
Gold:   236        SH:  0    Dex: 18    Spells: 4/10 levels left

rFire    . . .     SeeInvis .   n - -3 short sword (curse)
rCold    . . .     Gourm    .   (no shield)
rNeg     . . .     Faith    .   (helmet restricted)
rPois    .         Spirit   .   (no amulet)
rElec    .         Reflect  .   l - +5 ring of dexterity
rCorr    .         Harm     .   (no ring)
MR       .....                  (no ring)
Stlth    ++++......             (no ring)
HPRegen  0.10/turn              (no ring)
MPRegen  0.11/turn              (no ring)
                                (no ring)
                                (no ring)

@: mighty, brilliant
A: almost no armour, stealthy swim, amphibious, 8 rings, constrict 8, camouflage
1, gelatinous body 1
a: no special abilities


You were on level 4 of the Dungeon.
You were not hungry.

You visited 1 branch of the dungeon, and saw 5 of its levels.

You collected 236 gold pieces.

Inventory:

Hand Weapons
 a - a +0 hand axe
 n - a cursed -3 short sword (weapon)
Missiles
 b - 84 stones (quivered)
 m - 13 poisoned needles
Jewellery
 l - a +5 ring of dexterity (left tentacle)
Scrolls
 d - 7 scrolls of identify
 h - a scroll of amnesia
Potions
 e - a potion of cancellation
 j - a potion of flight
Comestibles
 c - 9 rations
 g - 3 chunks of flesh


   Skills:
 + Level 3.3 Dodging
 + Level 4.7 Stealth
 + Level 3.1 Spellcasting
 - Level 1.0 Transmutations
 + Level 4.0 Earth Magic


You had 4 spell levels left.
You knew the following spells:

 Your Spells              Type           Power        Failure   Level  Hunger
a - Sandblast             Erth           #####.       1%          1    None
b - Passwall              Tmut/Erth      ####....     1%          2    ##.....
c - Stone Arrow           Conj/Erth      ####..       1%          3    ###....

Your spell library contained the following spells:

 Spells                   Type           Power        Failure   Level  Hunger
 Corona                   Hex            ###....      1%          1    None
 Ensorcelled Hibernation  Hex/Ice        ###...       2%          2    ##.....
 Confuse                  Hex            ###.....     4%          3    ###....
 Dazzling Spray           Conj/Hex       ###...       4%          3    ###....
 Tukima's Dance           Hex            ###.....     4%          3    ###....
 Petrify                  Tmut/Erth      ####....     4%          4    ####...
 Lee's Rapid Deconstruct  Erth           #####.....   7%          5    ######.


Dungeon Overview and Level Annotations

Branches:
Dungeon (5/15)
 Temple: D:4-7

Altars:
Elyvilon
Qazlal


Innate Abilities, Weirdness & Mutations

You cannot wear most types of armour.
You are very stealthy in the water. (Stealth+)
You are amphibious.
You can wear up to eight rings at the same time.
You can use your tentacles to constrict eight enemies at once.
Your skin changes colour to match your surroundings (Stealth+).
Your rubbery body absorbs attacks. (AC +1, EV +1)


Message History

The orc wizard flickers and vanishes!
Deactivating autopickup; reactivate with Ctrl-A.
You feel clever all of a sudden. Something hits you.
* * * LOW HITPOINT WARNING * * *
As you read the scroll labeled JAERRAFENK, it crumbles to dust.
It is a scroll of enchant armour.
You aren't carrying any armour which can be enchanted further.
Something hits you.
* * * LOW HITPOINT WARNING * * *
Unknown command.
You feel very mighty all of a sudden.
The orc wizard gestures at you while chanting.
The puff of frost hits something.
Reactivating autopickup.
Your Earth Magic skill increases to level 4!
You feel a bit more experienced.
Okay, then.
The orc wizard hits you with a +0 dagger.
You die...

#............#............
#........................#
#........#..##......o....#
#........#................
#...........###...{.......
#########.#.# #..........
#.....)#.####..........
#......#.##............
#.....@#....####.......
#......o..########!....
##..............# ##...
#.......>.......# #...
#................. ....
#...............## ##.
#.................
#................#
#................#


You could see an orc wizard.

Vanquished Creatures
  An iguana (D:3)
  An orc wizard (D:4)
  A hound skeleton (D:4)
  3 adders
  A worm (D:2)
  2 dart slugs (D:1)
  2 leopard geckos
  13 orcs
  3 ball pythons
  2 giant cockroaches
  A goblin (D:1)
  4 hobgoblins
  9 jackals
  A quokka (D:4)
  2 bats
  3 frilled lizards
  4 kobolds
  3 rats
56 creatures vanquished.

Vanquished Creatures (others)
  An orc wizard (D:4)
1 creature vanquished.

Grand Total: 57 creatures vanquished

Notes
Turn   | Place    | Note
-------+----------+-------------------------------------------
     0 | D:1      | Geeful the Octopode Earth Elementalist began the quest for
                  | the Orb.
     0 | D:1      | Reached XP level 1. HP: 11/11 MP: 3/3
   278 | D:1      | Reached XP level 2. HP: 17/17 MP: 3/5
  1065 | D:2      | Reached XP level 3. HP: 14/21 MP: 6/6
  2142 | D:3      | Reached XP level 4. HP: 14/27 MP: 7/7
  2538 | D:3      | Found a stormy altar of Qazlal.
  2540 | D:3      | Noticed a fire elemental
  2541 | D:3      | Noticed a water elemental
  2541 | D:3      | Noticed an air elemental
  2541 | D:3      | Noticed an earth elemental
  2808 | D:3      | Found a white marble altar of Elyvilon.
  2957 | D:3      | Learned a level 2 spell: Passwall
  2961 | D:3      | Learned a level 3 spell: Stone Arrow
  3290 | D:4      | Reached XP level 5. HP: 6/31 MP: 2/9
  3927 | D:5      | Entered Level 5 of the Dungeon
  4019 | D:4      | HP: 1/31 [something (2)]
  4021 | D:4      | Slain by an orc wizard

Vault maps used:
D:1:      dpeg_arrival_rooms_a
D:3:      nicolae_qazlal_style_of_elements, elyvilon_altar_1
D:4:      nicolae_ashenzari_panopticon, first_ration
D:5:      overflow_temple_1_default, serial_park_tiny_1, goddamned_bats,
          uniq_sigmund, uniq_menkaure, uniq_pikel

Skill      XL: |  1  2  3  4  5 |
---------------+----------------+-----
Stealth        | 3 4 |  4.7
Dodging        | 3 |  3.3
Spellcasting   | 3 |  3.1
Earth Magic    | 4 |  4.0
Transmutations | |  1.0

Action                   |  1- 3 |  4- 6 || total
-------------------------+-------+-------++-------
Melee: Unarmed           |     5 |       ||     5
       Constrict         |    13 |    12 ||    25
       Hand axe          |    34 |    15 ||    49
       Tentacles         |     4 |    11 ||    15
       Short sword       |       |    35 ||    35
 Cast: Sandblast         |    19 |    42 ||    61
  Use: Scroll            |       |     5 ||     5
       Potion            |       |     9 ||     9
 Stab: Sleeping          |     6 |     1 ||     7
  Eat: Chunk             |     4 |     3 ||     7
       Ration            |       |     1 ||     1
Armor: Skin              |     3 |     1 ||     4
Dodge: Dodged            |    36 |    57 ||    93

Table legend:
 A = Non-vault XP
 B = Vault XP
 C = Vault XP percentage of total XP
 D = Non-vault monster count
 E = Vault monster count
 F = Vault count percentage of total count
                 A         B        C        D         E       F
            +---------+---------+-------+---------+---------+-------
      Total |     283 |       0 |   0.0 |      57 |       0 |   0.0
            +---------+---------+-------+---------+---------+-------
        D:1 |      25 |       0 |   0.0 |      11 |       0 |   0.0
        D:2 |      47 |       0 |   0.0 |      12 |       0 |   0.0
        D:3 |      77 |       0 |   0.0 |      18 |       0 |   0.0
        D:4 |     132 |       0 |   0.0 |      15 |       0 |   0.0
        D:5 |       2 |       0 |   0.0 |       1 |       0 |   0.0
            +---------+---------+-------+---------+---------+-------
